[Event "*** Titled Tuesday Blitz"]
[Site "Chess.com"]
[Date "2020.04.14"]
[Round "6"]
[White "Evgeny81"]
[Black "suyu28"]
[Result "1-0"]
[WhiteElo "2722"]
[BlackElo "2545"]
[TimeControl "180+1"]
[EndTime "11:04:12 PDT"]
[Termination "Evgeny81 won on time"]

1. d4 Nf6 2. c4 e6 3. Nc3 Bb4 4. e3 O-O 5. Bd3 d5 6. Nf3 c5 7. cxd5 exd5 8. dxc5 Nc6 9. O-O Bg4 10. h3 Bh5 11. Be2 Re8 12. Na4 Qe7 13. Qc2 Bg6 14. Qb3 Rab8 15. Bd2 Bxc5 16. Nxc5 Qxc5 17. Rac1 Qd6 18.
Bc3 Ne4 19. Rfd1 Qe7 20. Bd4 Rbd8 21. Bb5 Bh5 22. g4 Bg6 23. Bxc6 bxc6 24. Rxc6 h5 25. Rdc1 hxg4 26. hxg4 Qd7 27. Nh2 Rb8 28. Qd1 Qd8 29.
Qf3 Nd2 30. Qg2 Qh4 31. Rxg6 fxg6 32. Qxd5+ Kh7 33. Rc7 Rg8 34. Bxg7 Rxg7 35. Rxg7+ Kxg7 36. Qe5+ Kh7 37. Qxb8 Qh3 38. Qxa7+ Kh6 39. Qa8 Kg5 40. Qd5+ Kh4 41. Qxd2 g5 42. f4 gxf4 43. Qd8+ Kg3 44.
Nf1+ Kf3 45. Qd5+ 1-0

[Event "*** Titled Tuesday Blitz"]
[Site "Chess.com"]
[Date "2020.04.14"]
[Round "6"]
[White "GelmanAlexander"]
[Black "Saxar85"]
[Result "1-0"]
[WhiteElo "2458"]
[BlackElo "2596"]
[TimeControl "180+1"]
[EndTime "11:04:12 PDT"]
[Termination "GelmanAlexander won by resignation"]

1. c4 Nf6 2. Nf3 e6 3. b3 Be7 4. Bb2 O-O 5. d3 b6 6. Nbd2 Bb7 7. e3 d5 8. Rg1 c5 9. g4 Nc6 10.
g5 Nd7 11. h4 d4 12. h5 e5 13.
a3 Kh8 14. Bh3 f5 15. gxf6 Nxf6 16. h6 g6 17. Qe2 Bc8 18. Bxc8 Rxc8 19. O-O-O Qd7 20.
Kb1 a6 21. Ng5 b5 22. Rc1 Rb8 23. Ka2 Bd6 24. Nde4 bxc4 25. bxc4 Nxe4 26. Nxe4 Be7 27. Rb1 Qc7 28. Qd2 Rb7 29. Ba1 Rfb8 30. Rxb7 Qxb7 31.
Qc2 a5 32. Rb1 Nb4+ 33. axb4 cxb4 34. Qa4 Rd8 35. Kb3 Kg8 36. exd4 exd4 37. Qxa5 Qd7 38. Qe5 Kf7 39. Qg7+ Ke6 40. Qxh7 Qe8 41. Re1 Kd7 42. Bxd4 Kc8 43. Nf6 Qc6 44. Rxe7 Qa6 45. Rc7+ Kb8 46. Ra7 Qc6 47. Nd7+ Kc8 48. Nb6+ Kb8 49. Be5+ 1-0

[Event "*** Titled Tuesday Blitz"]
[Site "Chess.com"]
[Date "2020.04.14"]
[Round "6"]
[White "Olga_Zhuravleva"]
[Black "Igrok3069"]
[Result "0-1"]
[WhiteElo "2237"]
[BlackElo "2522"]
[TimeControl "180+1"]
[EndTime "11:04:12 PDT"]
[Termination "Igrok3069 won by resignation"]

1. e4 c5 2. Nf3 e6 3. d4 cxd4 4.
Nxd4 Nf6 5. Nc3 Nc6 6. Nb3 Bb4 7. Bd3 d5 8. exd5 Nxd5 9. Bd2 Nxc3 10. bxc3 Be7 11.
O-O O-O 12. Qf3 e5 13. Rad1 Qc7 14. Rfe1 Be6 15. Bf5 Bxf5 16. Qxf5 Rad8 17. Be3 Rxd1 18. Rxd1 Rd8 19. Rxd8+ Qxd8 20. Qd3 Qc8 21. h3 h6 22.
Nd2 Qe6 23. Nb3 a6 24. a4 h5 25. f3 g6 26. Bf2 Kg7 27. Bg3 f5 28. Bf2 Kf7 29.
Bc5 Bf6 30. Qe3 Qd5 31. Qd3 Qe6 32. Qe3 e4 33. fxe4 Qxe4 34. Qxe4 fxe4 35. c4 Bc3 36. Kf2 Ke6 37. Ke3 Kf5 38. Nc1 Ne5 39. Ne2 Nxc4+ 40. Kf2 Be5 41. Bd4 Bd6 42. c3 h4 43. Nc1 g5 44.
Ke2 Bf4 45. Nb3 b6 46. Bf2 Be5 47. Bd4 Kf4 48. Bf2 e3 49. Be1 Ke4 50. Nc1 Nb2 51. Nb3 Nxa4 52. Nc1 Nxc3+ 53. Bxc3 Bxc3 54. Nd3 a5 0-1

[Event "*** Titled Tuesday Blitz"]
[Site "Chess.com"]
[Date "2020.04.14"]
[Round "6"]
[White "JesseFebruary"]
[Black "Jojo_1608"]
[Result "0-1"]
[WhiteElo "1766"]
[BlackElo "2233"]
[TimeControl "180+1"]
[EndTime "11:04:12 PDT"]
[Termination "Jojo_1608 won on time"]

1. e4 c5 2. Nf3 d6 3. d4 cxd4 4. Nxd4 Nf6 5. Nc3 a6 6. h3 e5 7. Nde2 h5 8. g3 Be6 9. Bg2 Be7 10. Be3 O-O 11. O-O Nbd7 12. a4 Nb6 13. b3 Rc8 14. Nd5 Nbxd5 15. exd5 Bf5 16. Ra2 Qd7 17. Kh2 Ne4 18.
c4 b5 19. axb5 axb5 20. Ra7 Rc7 21. Rxc7 Qxc7 22. f3 Nc5 23. g4 hxg4 24. fxg4 Bg6 25. cxb5 Rb8 26. b4 Nd3 27. b6 Qc4 28. Nc1 Nxb4 29. Qd2 Nc2 30. Bg1 Nd4 31. Na2 Rxb6 32. Rc1 Qd3 33. Rc8+ Kh7 34. Qxd3 Bxd3 35. Bxd4 exd4 36.
Rc7 Bf6 37. Rxf7 Rb2 38. Nb4 Be4 39. Nc6 Rxg2+ 40. Kh1 Bxd5 0-1

[Event "*** Titled Tuesday Blitz"]
[Site "Chess.com"]
[Date "2020.04.14"]
[Round "6"]
[White "Sanan_Sjugirov"]
[Black "AnishGiri"]
[Result "0-1"]
[WhiteElo "2826"]
[BlackElo "3027"]
[TimeControl "180+1"]
[EndTime "11:04:13 PDT"]
[Termination "AnishGiri won by resignation"]

1. d4 Nf6 2. Nf3 d5 3. Bf4 Bf5 4. c4 e6 5. Qb3 Nc6 6. c5 Rb8 7. h3 Be7 8. e3 O-O 9. Bb5 Ne4 10. Nc3 Bf6 11. O-O Ne7 12. Bh2 a6 13. Be2 Nc6 14. Rac1 Qd7 15. Rfd1 h6 16. Ne1 Rfe8 17. Nxe4 Bxe4 18.
Bd3 Bf5 19. a3 h5 20. Nf3 g5 21. Bxf5 exf5 22. Ne5 Bxe5 23. dxe5 Red8 24. h4 gxh4 25.
Qa4 d4 26. Qc4 Kh7 27. Qe2 Kg6 28. e6 fxe6 29. exd4 Nxd4 30. Qe3 Qa4 31. Re1 Rd5 32. Bxc7 Re8 33. Be5 Nc6 34. Bc3 e5 35. Qf3 Qb3 36. Rcd1 e4 37. Qe2 Red8 38. Rxd5 Qxd5 39. Qe3 Qd3 40. Qf4 Qd5 41. Qc7 Rd7 42. Qc8 Qf7 43.
Qh8 Rd8 0-1

[Event "*** Titled Tuesday Blitz"]
[Site "Chess.com"]
[Date "2020.04.14"]
[Round "6"]
[White "GMMarcinDziuba"]
[Black "Alexander_Zubov"]
[Result "0-1"]
[WhiteElo "2685"]
[BlackElo "2881"]
[TimeControl "180+1"]
[EndTime "11:04:13 PDT"]
[Termination "Alexander_Zubov won on time"]

1. Nf3 d5 2. g3 g6 3. Bg2 Bg7 4. d4 c6 5. O-O Nf6 6. Nbd2 O-O 7. b3 Bf5 8. c4 Ne4 9. Bb2 Nxd2 10. Nxd2 Na6 11.
a3 Qd7 12. Re1 Rfd8 13. Rc1 dxc4 14. Nxc4 Bxd4 15. Ne5 Qd6 16. Qxd4 Qxd4 17. Bxd4 Rxd4 18. Nxc6 bxc6 19. Rxc6 Nb4 20. axb4 Rxb4 21. Rxg6+ hxg6 22. Bxa8 Rxb3 23. Ra1 Rb1+ 24. Rxb1 Bxb1 25. Kf1 e5 26. Ke1 Kg7 27. h4 f5 28. Kd2 Kf6 29. Bc6 a5 30. Kc3 f4 31. g4 Ke6 32. g5 Kd6 33. Bb5 Bf5 34. Bc4 Kc5 35. Ba2 Kd6 36. e3 fxe3 37.
fxe3 Kc5 38. Bf7 Kd6 39. h5 gxh5 40. Bxh5 Bd7 41. Bf3 Ke6 42. Be4 Ke7 43. Kc4 a4 44.
Kb4 Ke6 45. Bc2 Be8 0-1

[Event "*** Titled Tuesday Blitz"]
[Site "Chess.com"]
[Date "2020.04.14"]
[Round "6"]
[White "Chessialist"]
[Black "IMRosen"]
[Result "1-0"]
[WhiteElo "2647"]
[BlackElo "2495"]
[TimeControl "180+1"]
[EndTime "11:04:13 PDT"]
[Termination "Chessialist won on time"]

1. e4 c5 2. Nf3 e6 3. Qe2 Nc6 4. g3 Nf6 5. Bg2 e5 6. d3 Be7 7. c3 O-O 8. a4 Re8 9. O-O d6 10. Na3 Be6 11. Bg5 h6 12. Bxf6 Bxf6 13. Nc4 d5 14. exd5 Bxd5 15. Nfd2 Bxg2 16. Kxg2 Qd5+ 17. Ne4 Be7 18. Qf3 Rad8 19. Rad1 b6 20. g4 Bf8 21.
Rfe1 Ne7 22. Ne3 Qd7 23. Nf5 Ng6 24. Kg1 Re6 25. h4 Qxa4 26. h5 Ne7 27. g5 hxg5 28. Nxg5 Rf6 29. Nxe7+ Bxe7 30. Qg3 Rf4 31. c4 Bxg5 32.
Qxg5 f6 33. Qg2 Qd7 34. Re3 Qg4 35. Ra1 Rd7 36. Rg3 Qxh5 37. Qc6 Rfd4 38. Qxf6 Rg4 39. Qe6+ Rf7 40. Qxg4 Qxg4 41. Rxg4 a5 42. Ra3 Rd7 43.
Rb3 Rd6 44. Re4 Re6 45. f4 Rg6+ 46. Kf2 exf4 47. Re8+ Kh7 48. Rb8 Rg3 49. R8xb6 g5 50. Rc6 1-0

[Event "*** Titled Tuesday Blitz"]
[Site "Chess.com"]
[Date "2020.04.14"]
[Round "6"]
[White "EvgenyRomanov"]
[Black "SamuelGhimpu2003"]
[Result "1-0"]
[WhiteElo "2508"]
[BlackElo "2543"]
[TimeControl "180+1"]
[EndTime "11:04:13 PDT"]
[Termination "EvgenyRomanov won on time"]

1. c4 Nf6 2. Nc3 g6 3. e4 c5 4. Nf3 d6 5. d4 cxd4 6. Nxd4 Bg7 7. Be2 Nc6 8. Be3 O-O 9. O-O Bd7 10. Nb3 Rc8 11.
c5 Be6 12. cxd6 exd6 13. Nd4 Nxd4 14. Bxd4 Qa5 15. f3 Rfd8 16. Qd2 h5 17. Rfd1 d5 18. Qf4 Ne8 19. Bxg7 Nxg7 20. exd5 Bxd5 21. Qe5 Qb6+ 22. Kh1 Bc6 23. b3 Re8 24. Qf6 Re6 25. Qf4 Qe3 26. Qxe3 Rxe3 27. Rac1 Be8 28. Bd3 Ne6 29. Kg1 Nf4 30. Bc4 b5 31. Nxb5 Rxc4 32. Rxc4 Bxb5 33. Rxf4 Re2 34. a4 Bc6 35. h4 Kg7 36. Rd6 Be8 37. Ra6 Rb2 38. Rxa7 Rxb3 39. a5 Ra3 40. a6 Kf8 41. Ra8 f5 42. Rb4 Ke7 43. Rb7+ 1-0

[Event "*** Titled Tuesday Blitz"]
[Site "Chess.com"]
[Date "2020.04.14"]
[Round "6"]
[White "ErikRonka"]
[Black "LuckSlayeer"]
[Result "1-0"]
[WhiteElo "2404"]
[BlackElo "2572"]
[TimeControl "180+1"]
[EndTime "11:04:14 PDT"]
[Termination "ErikRonka won by resignation"]

1. e4 c5 2. Nf3 Nc6 3. d4 cxd4 4. Nxd4 e5 5. Nb5 d6 6. N1c3 a6 7. Na3 b5 8. Nd5 Nce7 9. c4 Nxd5 10. exd5 bxc4 11. Nxc4 Nf6 12. Be3 Rb8 13. Be2 Be7 14. O-O O-O 15. a4 Nd7 16. Qd2 f5 17. Na5 f4 18.
Ba7 Ra8 19. Nc6 Qe8 20. f3 Rxa7 21. Nxa7 Bd8 22. Nxc8 Rf6 23. Rfc1 Rh6 24. Bf1 Nb6 25. a5 Nxc8 26. Rxc8 Bb6+ 27. axb6 Qxc8 28. Bxa6 Qc5+ 29. Qf2 Qb4 30. b7 Rf6 31. Qa7 Rf8 32. Qf2 e4 33. fxe4 Qxe4 34. Bf1 Qxd5 35. Ra8 Rxa8 36. bxa8=Q+ Qxa8 37. Qxf4 Qa7+ 38. Qf2 Qc7 39. h3 h6 40. Qd4 Qc6 41. Qc4+ Qxc4 42. Bxc4+ Kf8 43. Kf2 Ke7 44. Ke3 Kd8 45. Kd4 Kc7 46. Kd5 Kb6 47. Kxd6 Ka5 48. Ke6 Kb4 49. Kf7 Kxc4 50. Kxg7 h5 51.
Kh6 h4 52. Kh5 Kb3 53. Kxh4 Kxb2 54. g4 1-0

[Event "*** Titled Tuesday Blitz"]
[Site "Chess.com"]
[Date "2020.04.14"]
[Round "6"]
[White "GasconJR"]
[Black "FILI86"]
[Result "1/2-1/2"]
[WhiteElo "2445"]
[BlackElo "2589"]
[TimeControl "180+1"]
[EndTime "11:04:14 PDT"]
[Termination "Game drawn by repetition"]

1. d4 c5 2. d5 Nf6 3. Nc3 a6 4.
a4 g6 5. e4 d6 6. Nf3 Bg7 7.
Nd2 O-O 8. Nc4 Nbd7 9. a5 Ne8 10. Be2 Nc7 11. O-O Nb5 12. Bd2 Nd4 13. Bd3 Ne5 14. Nxe5 Bxe5 15. Bh6 Re8 16. Na4 Bd7 17. Nb6 Rb8 18.
c3 Nb5 19. f4 Bf6 20. Qc2 Qc7 21. Rae1 e6 22. dxe6 fxe6 23. e5 Bg7 24. Bxg7 Kxg7 25. exd6 Nxd6 26. Nc4 Nxc4 27. Bxc4 Qxa5 28. Re5 Qc7 29.
h4 b5 30. Bd3 c4 31. Bxg6 hxg6 32. Rg5 Kf7 33. Qxg6+ Ke7 34. Rd1 Rb6 35. Qh7+ Kd8 36. Qe4 Rd6 37. Rxd6 Qxd6 38. h5 Bc6 39. Qe3 Kc7 40.
Rg7+ Re7 41. Rxe7+ Qxe7 42. Qe5+ Kb7 43. h6 Qh4 44.
Qg7+ Kb6 45. h7 Qe1+ 46. Kh2 Qh4+ 47. Kg1 Qe1+ 48. Kh2 Qh4+ 49. Kg1 1/2-1/2

[Event "*** Titled Tuesday Blitz"]
[Site "Chess.com"]
[Date "2020.04.14"]
[Round "6"]
[White "AnkitGajwa"]
[Black "Larax"]
[Result "0-1"]
[WhiteElo "2538"]
[BlackElo "2405"]
[TimeControl "180+1"]
[EndTime "11:04:15 PDT"]
[Termination "Larax won by resignation"]

1. d4 Nf6 2. c4 e6 3. Nc3 Bb4 4. f3 Nh5 5. Nh3 d5 6. a3 Bxc3+ 7. bxc3 c5 8. g4 Nf6 9. Bg2 Nc6 10. cxd5 Nxd5 11.
dxc5 Qa5 12. e4 Nc7 13. Be3 Qxc3+ 14. Kf2 O-O 15. Qc1 Qa5 16. g5 e5 17. Rd1 Ne6 18. Ng1 Ned4 19. Qb2 Qxc5 20. Ne2 Be6 21. Rac1 Qa5 22.
Nxd4 Nxd4 23. Bxd4 exd4 24. h4 Rfd8 25. Rxd4 Rxd4 26.
Qxd4 Qxa3 27. Rc7 b6 28. h5 Qa5 29. f4 Rf8 30. h6 gxh6 31. gxh6 f6 32. f5 Bxf5 33. exf5 Qxf5+ 34. Kg1 Kh8 35. Rg7 Qh5 36. Qf4 a5 37. Be4 Rf7 38. Rxf7 Qxf7 39. Qb8+ Qg8+ 40. Qxg8+ Kxg8 41. Bc6 Kf7 42. Kf2 Kg6 43. Kf3 Kxh6 44. Kf4 Kg7 45. Kf5 Kf7 46. Bb5 Ke7 47. Bc6 h5 48.
Kg6 h4 49. Kh5 h3 50. Kg4 Kd6 51. Bh1 a4 52. Kxh3 a3 0-1

[Event "*** Titled Tuesday Blitz"]
[Site "Chess.com"]
[Date "2020.04.14"]
[Round "6"]
[White "Irishchessman16"]
[Black "Haykoooo0o"]
[Result "1-0"]
[WhiteElo "2374"]
[BlackElo "2582"]
[TimeControl "180+1"]
[EndTime "11:04:15 PDT"]
[Termination "Irishchessman16 won by resignation"]

1. e4 e5 2. Nf3 Nc6 3. d4 exd4 4. Nxd4 Nf6 5. Nxc6 bxc6 6. e5 Qe7 7. Qe2 Nd5 8. h4 a5 9. c4 Nb6 10. Nc3 Qe6 11. Qe4 d5 12. exd6 Bxd6 13. Be3 Qxe4 14. Nxe4 Bb4+ 15. Kd1 O-O 16. a3 Be7 17. Kc2 Bf5 18.
Bd3 Nxc4 19. Bxc4 Bxe4+ 20. Bd3 Bxg2 21. Rhg1 Bd5 22. Bd4 f6 23. h5 Bd6 24. Rg4 Bf3 25. Rh4 Rad8 26. Bc3 Be5 27. Bxa5 Rd4 28. Rxd4 Bxd4 29. h6 g6 30. Bc4+ Bd5 31. Bxd5+ cxd5 32. Rd1 c5 33. Bb6 Rb8 34. Rxd4 cxd4 35. Bxd4 Kf7 36. b4 Ke6 37. Kb3 g5 38. a4 f5 39. a5 Kd6 40.
Ka4 Kc6 41. a6 f4 42. b5+ Kd7 43. b6 Kc6 44. b7 g4 45. a7 Kxb7 46. axb8=Q+ Kxb8 47. Be5+ Kb7 48. Bxf4 Kc6 49. Kb4 Kd7 50. Kc5 Ke6 51.
Kd4 Kf5 52. Be3 Ke6 53. Bd2 Kd6 54. Ke3 Ke5 55. Bc3+ Kf5 56. Bg7 Kg5 57. Be5 Kxh6 58. Kd4 Kg5 59. Kxd5 Kf5 60. Bg3 h5 61. Bh4 Kf4 62.
Ke6 Kf3 63. Kf6 Kg2 64. Kg5 Kh3 65. Kxh5 g3 66. fxg3 1-0

[Event "*** Titled Tuesday Blitz"]
[Site "Chess.com"]
[Date "2020.04.14"]
[Round "6"]
[White "827883"]
[Black "SahaNeelash"]
[Result "1/2-1/2"]
[WhiteElo "2095"]
[BlackElo "2556"]
[TimeControl "180+1"]
[EndTime "11:04:16 PDT"]
[Termination "Game drawn by repetition"]

1. e4 c6 2. c4 d5 3. cxd5 cxd5 4.
exd5 Nf6 5. Qa4+ Bd7 6. Qb3 Qc7 7. Nc3 a6 8. a4 Bf5 9. Nf3 Nbd7 10. d4 Rd8 11. a5 g6 12. Be2 Bg7 13. O-O O-O 14. g3 Ne4 15. Bf4 Nd6 16. Rfc1 Qb8 17. Ne5 Nf6 18. g4 Bd7 19. h3 Qa7 20. Rd1 Nfe4 21. Bf3 Nf6 22. Rac1 Bb5 23. Kg2 Nfe8 24. Ne4 Nxe4 25. Bxe4 Nd6 26. Bf3 Rc8 27. Qb4 Rxc1 28. Rxc1 f6 29. Rc7 fxe5 30. Bxe5 Bxe5 31. dxe5 Be2 32.
exd6 Bxf3+ 33. Kg3 Bxd5 34. Qd2 e6 35. f4 Qb8 36.
Qc3 e5 37. Qxe5 Bf7 38. d7 Qd8 39. Rxb7 Bc4 40. Rc7 Bb5 41. Qd5+ Kg7 42. Qe5+ Kg8 43. Qd5+ Kg7 44. Qe5+ Kf7 45. Qd5+ Ke7 46. Qe5+ Kf7 47. Qd5+ Kg7 1/2-1/2

[Event "*** Titled Tuesday Blitz"]
[Site "Chess.com"]
[Date "2020.04.14"]
[Round "6"]
[White "Sanyura"]
[Black "nocnypako"]
[Result "1/2-1/2"]
[WhiteElo "2414"]
[BlackElo "2590"]
[TimeControl "180+1"]
[EndTime "11:04:17 PDT"]
[Termination "Game drawn - insufficient material"]

1. e4 e6 2. d4 d5 3. Nc3 Bb4 4. e5 c5 5. Bd2 cxd4 6. Nb5 Bc5 7. b4 Be7 8. Qg4 Kf8 9. Nf3 Nc6 10. a3 f5 11. Qg3 Nh6 12. Nbxd4 Nf7 13. Bd3 Nxd4 14.
Nxd4 Bg5 15. Bxg5 Qxg5 16. f4 Qxg3+ 17. hxg3 Ke7 18. Ke2 Bd7 19. Ke3 h6 20. Rh2 a5 21. b5 Rhc8 22. Rhh1 Rc5 23. Rhb1 Rac8 24. Nb3 Rc3 25. Nxa5 b6 26. Nb7 R8c7 27. Nd6 Nxd6 28. exd6+ Kxd6 29. Kd4 R3c5 30. a4 Ra7 31. Rb2 Ra5 32.
Rb4 Rc8 33. Re1 Rca8 34. Ra1 g5 35. c3 Rg8 36. Rh1 gxf4 37. gxf4 Rxg2 38. Rxh6 Ra2 39.
Bxf5 R2xa4 40. Bxe6 Bxe6 41. f5 Rxb4+ 42. cxb4 Rxb5 43.
Rxe6+ Kd7 44. Rh6 Rxb4+ 45. Kxd5 Rb1 46. Rh7+ Ke8 47. Ke6 Re1+ 48. Kf6 b5 49. Rb7 Rb1 50. Rb8+ Kd7 51. Kg7 Kc6 52. f6 Rg1+ 53. Kf8 Kc5 54. f7 b4 55. Ke7 Rf1 56. f8=Q Rxf8 57. Kxf8 Kc4 58. Ke7 b3 59. Kd6 Kc3 60. Kc5 b2 61.
Kd5 Kc2 62. Rc8+ Kd1 63. Rb8 Kc1 64. Rxb2 Kxb2 1/2-1/2

[Event "*** Titled Tuesday Blitz"]
[Site "Chess.com"]
[Date "2020.04.14"]
[Round "6"]
[White "norwaytoadog"]
[Black "Spriteball"]
[Result "0-1"]
[WhiteElo "2225"]
[BlackElo "1934"]
[TimeControl "180+1"]
[EndTime "11:04:17 PDT"]
[Termination "Spriteball won on time"]

1. e4 c5 2. Nf3 d6 3. Bb5+ Nd7 4. d4 cxd4 5. Qxd4 Nf6 6. O-O e6 7. e5 dxe5 8. Nxe5 Be7 9. Rd1 a6 10. Ba4 b5 11. Nc6 Qc7 12. Nxe7 bxa4 13. Nf5 exf5 14. Bf4 Qb6 15. Re1+ Kf8 16. Bd6+ Kg8 17. Qf4 g6 18. Nc3 Kg7 19. Re7 Re8 20. Rae1 Rxe7 21. Bxe7 Qxb2 22. Qd4 Qb6 23. Qh4 Bb7 24. h3 Re8 25. Bxf6+ Nxf6 26. Rxe8 Nxe8 27. Qe7 Nf6 28. Ne2 Qc6 29. Nf4 Qe4 30. Qd6 Qe1+ 31. Kh2 Qxf2 32. Qe5 Be4 33. Qc7 Bd5 34. Qe5 Be4 35. Qc7 a3 36. h4 Ng4+ 37. Kh3 Qe3+ 38. g3 Nf2+ 39. Kh2 Ng4+ 40. Kh3 Qf2 41. Ne6+ Kf6 42. Qd8+ Kxe6 43.
Qe8+ Kf6 44. Qh8+ Ke7 0-1

[Event "*** Titled Tuesday Blitz"]
[Site "Chess.com"]
[Date "2020.04.14"]
[Round "6"]
[White "DivyaDeshmukh23"]
[Black "JustWatch000"]
[Result "0-1"]
[WhiteElo "2483"]
[BlackElo "2631"]
[TimeControl "180+1"]
[EndTime "11:04:19 PDT"]
[Termination "JustWatch000 won by resignation"]

1. e4 c5 2. Nf3 e6 3. d4 cxd4 4. Nxd4 Nc6 5. Nc3 Nf6 6. Be3 Bb4 7. Bd3 d5 8. Nxc6 bxc6 9. exd5 cxd5 10. O-O O-O 11. Bd4 Re8 12. Re1 Bd7 13. Qf3 Bd6 14.
Nb5 Bb8 15. Bxf6 Qxf6 16. Qxf6 gxf6 17. c4 a6 18. Nc3 dxc4 19. Bxc4 Bc6 20. g3 Kf8 21.
Rac1 Be5 22. b3 Red8 23. Ne4 f5 24. Nc5 Bd4 25. Bxe6 f4 26. Bf5 fxg3 27. hxg3 Rd6 28. Ne4 Rh6 29. Kg2 Re8 30. f3 Re5 31. g4 Ra5 32.
Re2 Be5 33. Kg1 Bf4 34. Rd1 Kg7 35. Rc2 Bd5 36. b4 Rxa2 37. Rxa2 Bxa2 38. Ra1 Bc4 39. Nc5 Be3+ 40. Kg2 Rd6 41. Kg3 Rd4 42. Nxa6 Bf4+ 43. Kf2 Rd2+ 44. Ke1 Rh2 45. Ra5 Bd2+ 46. Kd1 Bc3 47.
Rc5 Bb3+ 48. Bc2 Rxc2 0-1

[Event "*** Titled Tuesday Blitz"]
[Site "Chess.com"]
[Date "2020.04.14"]
[Round "6"]
[White "kleopl"]
[Black "katchesskat"]
[Result "1-0"]
[WhiteElo "2394"]
[BlackElo "2169"]
[TimeControl "180+1"]
[EndTime "11:04:19 PDT"]
[Termination "kleopl won by checkmate"]

1. c4 c5 2. Nf3 e6 3. g3 a6 4. Bg2 Qc7 5. O-O d6 6. b3 Nf6 7.
Bb2 Be7 8. d4 cxd4 9. Nxd4 Nbd7 10. Nc3 O-O 11. Rc1 Re8 12. Ne4 h6 13. Nc3 Rb8 14. Re1 Nh7 15. Qd2 Bg5 16. e3 Nc5 17. b4 Nd7 18. Ne4 Be7 19. Nf3 Nhf6 20. Nxf6+ Nxf6 21. Red1 b6 22. Nd4 Bb7 23. Bxb7 Qxb7 24. a3 Ne4 25. Qd3 Ng5 26. h4 Nh3+ 27. Kf1 Bf6 28. Rc2 g5 29. hxg5 Nxg5 30. Ke2 Bg7 31. Kd2 Rbc8 32. Kc1 d5 33. cxd5 Rxc2+ 34. Nxc2 Bxb2+ 35.
Kxb2 Rd8 36. e4 exd5 37. exd5 a5 38. b5 Qe7 39. Ne3 Nf3 40. Nf5 Qf6+ 41. Ka2 Ne5 42.
Qe4 Rc8 43. Rh1 Ng6 44. Nxh6+ Kf8 45. Nf5 Re8 46. Qc2 Re5 47. g4 Rxd5 48. Re1 Rd8 49. Qc6 Qg5 50. Re2 Qf4 51. Qc3 Qxg4 52. Qg7# 1-0

[Event "*** Titled Tuesday Blitz"]
[Site "Chess.com"]
[Date "2020.04.14"]
[Round "6"]
[White "TregubovP"]
[Black "DaggiGretarsson"]
[Result "1-0"]
[WhiteElo "2516"]
[BlackElo "2631"]
[TimeControl "180+1"]
[EndTime "11:04:20 PDT"]
[Termination "TregubovP won on time"]

1. e4 g6 2. d4 Bg7 3. Nf3 d6 4. Nc3 a6 5. Be2 Nd7 6. O-O b5 7. Re1 Bb7 8. Bf1 e6 9. Bg5 Ne7 10. Qd2 h6 11. Bf4 g5 12. Bg3 Ng6 13. d5 O-O 14. a4 b4 15. Nd1 exd5 16. exd5 f5 17. Re6 Rf6 18. Ne3 f4 19. Ng4 fxg3 20. Nxf6+ Nxf6 21. hxg3 Nf8 22. Ree1 Bxd5 23. Qxb4 a5 24. Qd2 c6 25. Bd3 Qb6 26. c3 Rb8 27. Re2 Qc5 28. Nd4 N8d7 29. Nf5 Ne5 30. Nxg7 Kxg7 31. Bf5 g4 32. Rae1 Qc4 33. Bb1 Qxa4 34. Rxe5 dxe5 35. Rxe5 Rf8 36. Qc2 Qxc2 37. Bxc2 Kf7 38. c4 Bxc4 39. Rxa5 Bd5 40. Bf5 Ke7 41. Ra7+ Kd6 42. Rg7 h5 43. Rg6 Ke5 44. Bc2 Rb8 45. Rg5+ Kd6 46. Rg6 Ke5 47.
Rg5+ Ke6 48. Bf5+ Kf7 49. Bg6+ Ke7 50. Bxh5 1-0

[Event "*** Titled Tuesday Blitz"]
[Site "Chess.com"]
[Date "2020.04.14"]
[Round "6"]
[White "vanea_03"]
[Black "MasterKroket"]
[Result "1-0"]
[WhiteElo "2617"]
[BlackElo "2444"]
[TimeControl "180+1"]
[EndTime "11:04:20 PDT"]
[Termination "vanea_03 won on time"]

1. Nf3 Nf6 2. g3 b6 3. Bg2 Bb7 4. O-O e6 5. c4 c5 6. Nc3 Be7 7. Re1 Ne4 8. Nxe4 Bxe4 9. d4 O-O 10. d5 exd5 11. cxd5 d6 12. Nd2 Bxg2 13. Kxg2 Bf6 14.
a4 Nd7 15. e4 a6 16. f4 Re8 17.
Nc4 Qc7 18. Qb3 Rab8 19. Bd2 b5 20. axb5 axb5 21. Na5 c4 22. Qf3 Bxb2 23. Ra2 c3 24. Rxb2 cxd2 25. Ra1 Ra8 26. Rba2 Nc5 27. Nc6 Rxa2 28.
Rxa2 f5 29. e5 dxe5 30. fxe5 Ne4 31. Ra7 Qb6 32. Ra1 g6 33. g4 Ng5 34. Qf4 Qc5 35.
Qxd2 Ne4 36. Qe2 Qxd5 37. Nb4 Qb7 38. Kh3 Rc8 39. gxf5 Rc3+ 40. Nd3 Rxd3+ 41. Kg4 Qe7 42. Qxe4 Rc3 43. f6 Rc4 44. Qxc4+ bxc4 45. fxe7 Kf7 46. Rc1 Kxe7 47. Rxc4 Ke6 48. Ra4 Kxe5 49. Kg5 1-0

[Event "*** Titled Tuesday Blitz"]
[Site "Chess.com"]
[Date "2020.04.14"]
[Round "6"]
[White "queen_iryna"]
[Black "Godzillator"]
[Result "1-0"]
[WhiteElo "2213"]
[BlackElo "2343"]
[TimeControl "180+1"]
[EndTime "11:04:20 PDT"]
[Termination "queen_iryna won by resignation"]

1. d4 d5 2. Bf4 c5 3. e3 cxd4 4. exd4 Nc6 5. c3 Nf6 6. Bd3 Bg4 7. Qb3 Qc8 8. Nd2 e6 9. Ngf3 Be7 10. O-O Bh5 11.
Ne5 Nxe5 12. Bxe5 Bg6 13. Bb5+ Kf8 14. Nf3 a6 15. Be2 b5 16. Rfe1 h6 17. Bg3 Ne4 18.
Ne5 Bh7 19. Bh5 g6 20. Bf3 Nd2 21. Qd1 Nc4 22. Nxc4 bxc4 23. Be5 Rg8 24. Qd2 g5 25.
Bh5 Bg6 26. Bxg6 Rxg6 27. Re3 Qd8 28. Rh3 Bf6 29. Re1 Bxe5 30. Rxe5 Rb8 31. Re2 Qa5 32. a3 Qb5 33. Qe3 Qb3 34. Qe5 Kg8 35. Rf3 Rb7 36. h3 Qd1+ 37. Kh2 Qc1 38. Qd6 Kg7 39. Qe5+ Kh7 40. Qd6 Rg7 41. Qxa6 Rxb2 42. Rxb2 Qxb2 43. a4 e5 44. dxe5 Qe2 45. Qf6 Qa2 46. Qf5+ Kg8 47. e6 fxe6 48. Qxe6+ Kh7 49. Qf5+ Kg8 50. Qxd5+ Kh7 51.
a5 Qe2 52. Qf5+ Kg8 53. a6 Qe7 54. Qd5+ Kh7 55. Qxc4 Qd6+ 56. g3 Qd1 57. Qe4+ Kg8 58. Rd3 Qf1 59. Rd8+ Kf7 60. Rd7+ Kg8 61. Rxg7+ Kxg7 62. Qd4+ Kg6 63. a7 Qa6 64. Qe4+ Kh5 65. a8=Q Qa5 66. Qf3+ Kg6 67. Qxa5 1-0

[Event "*** Titled Tuesday Blitz"]
[Site "Chess.com"]
[Date "2020.04.14"]
[Round "6"]
[White "Superfelix"]
[Black "kleinebeer98"]
[Result "0-1"]
[WhiteElo "2540"]
[BlackElo "2715"]
[TimeControl "180+1"]
[EndTime "11:04:21 PDT"]
[Termination "kleinebeer98 won by checkmate"]

1. e4 e5 2. Nf3 Nf6 3. d4 Nc6 4. dxe5 Nxe4 5. Qd5 Nc5 6. Be3 Ne6 7. Nc3 Bb4 8. Bd3 b6 9. O-O Bxc3 10. bxc3 Bb7 11. Rfd1 Na5 12. Qb5 c5 13. Be2 Bc6 14.
Qd3 O-O 15. c4 Re8 16. Rd2 Qe7 17. Rad1 Rad8 18. c3 Bb7 19. Qf5 h6 20. h4 Bxf3 21.
Qxf3 Qxh4 22. Rxd7 Rf8 23. g3 Qh3 24. Bf1 Ng5 25. Bxg5 Qxd7 26. Rxd7 Rxd7 27. Be3 Rfd8 28. Be2 Re8 29. Qf5 Rde7 30. f4 Nc6 31. Bd3 g6 32. Qe4 Nxe5 33. fxe5 Rxe5 34. Qb7 Rxe3 35. Bf1 Rxg3+ 36.
Kf2 Rxc3 37. Qxa7 Rc2+ 38. Kf3 Re1 39. Bd3 Rc3 40. Qb8+ Kh7 41. Qc7 Kg7 42. Kf2 Re6 43. Be2 Rc2 44. Kf3 Rcxe2 45. a4 R6e3+ 46. Kf4 g5+ 47.
Kg4 Kg6 48. Qc6+ Re6 49. Qa8 h5+ 50. Kf3 R6e3# 0-1

[Event "*** Titled Tuesday Blitz"]
[Site "Chess.com"]
[Date "2020.04.14"]
[Round "6"]
[White "AndrewMaco"]
[Black "Perimir"]
[Result "1-0"]
[WhiteElo "2613"]
[BlackElo "2441"]
[TimeControl "180+1"]
[EndTime "11:04:21 PDT"]
[Termination "AndrewMaco won on time"]

1. e4 c5 2. Nf3 Nc6 3. d4 cxd4 4. Nxd4 Nf6 5. Nc3 d6 6. Bg5 e6 7. Qd2 a6 8. O-O-O Bd7 9. f3 Be7 10. Be3 Qc7 11. Kb1 O-O-O 12. g4 h6 13. h4 Kb8 14. Rg1 Rc8 15. g5 hxg5 16. hxg5 Nh5 17.
g6 fxg6 18. Rxg6 Bf6 19. Rg1 Ne5 20. f4 Nc4 21. Bxc4 Qxc4 22. Nde2 d5 23. exd5 exd5 24. Qxd5 Qxd5 25. Nxd5 Bf5 26. Rd2 Rhe8 27. Nxf6 Nxf6 28. Nd4 Bh7 29. Bf2 Rc7 30. Kc1 Kc8 31. c3 Ne4 32.
Re2 Rce7 33. Bh4 Rf7 34. Bg5 Kd7 35. Rh2 Nxg5 36. Rxg5 Bd3 37. Kd2 Bc4 38. f5 Re4 39.
Rhg2 Rf4 40. Rxg7 Rf2+ 41. Rxf2 Rxg7 42. b3 Bd5 43. c4 Be4 44. Ke3 Bb1 45. Kf4 Rf7 46.
Ke5 Bd3 47. f6 b5 48. c5 1-0